 Dungeon Crawl Stone Soup version 0.22-a0-614-g34fbaa0 (webtiles) character file.

47 Dietz the Shield-Bearer (level 3, -5/30 HPs)
             Began as a Formicid Fighter on July 20, 2018.
             Slain by an iron imp (8 damage)
             ... summoned by Natasha
             ... on level 2 of the Dungeon.
             The game lasted 00:02:31 (1233 turns).

Dietz the Shield-Bearer (Formicid Fighter)          Turns: 1233, Time: 00:02:32

Health: -5/30      AC:  8    Str: 20    XL:     3   Next: 97%
Magic:  3/3        EV:  8    Int:  7    God:
Gold:   109        SH:  9    Dex: 11    Spells: 2/2 levels left

rFire    . . .     SeeInvis +   a - +0 flail
rCold    . . .     Gourm    .   c - +0 shield
rNeg     . . .     Faith    .   b - +0 scale mail
rPois    .         Spirit   .   (helmet unavailable)
rElec    .         Reflect  .   j - +0 cloak
rCorr    .         Harm     .   (no gloves)
MR       .....                  (no boots)
Stlth    ..........             (no amulet)
HPRegen  0.10/turn              (no ring)
MPRegen  0.08/turn              (no ring)

@: no status effects
A: permanent stasis, dig shafts and tunnels, four strong arms, antennae 3
a: Dig, Shaft Self


You were on level 2 of the Dungeon.
You were not hungry.

You visited 1 branch of the dungeon, and saw 2 of its levels.

You collected 109 gold pieces.

Inventory:

Hand Weapons
 a - a +0 flail (weapon)
 l - a +0 hunting sling
 m - a +3 whip
Missiles
 e - 17 stones (quivered)
 k - 57 sling bullets
Armour
 b - a +0 scale mail (worn)
 c - a +0 shield (worn)
 j - a +0 cloak (worn)
Scrolls
 g - a scroll of noise {unknown}
 h - a scroll of identify {unknown}
 i - a scroll of blinking {unknown}
Potions
 d - a potion of might
Comestibles
 f - a ration
 n - a chunk of flesh


   Skills:
 + Level 3.6 Fighting
 + Level 2.5 Maces & Flails
 + Level 3.9 Armour
 + Level 4.1 Shields


You had 2 spell levels left.
You didn't know any spells.
Your spell library was empty.

Dungeon Overview and Level Annotations

Branches:
Dungeon (2/15)

Altars:

Annotations:
D:2 Natasha


Innate Abilities, Weirdness & Mutations

You cannot be hasted, slowed, berserked, paralysed or teleported.
You can dig through walls and to a lower floor.
Your four strong arms can wield two-handed weapons with a shield.
You have a pair of large antennae on your head. (SInv)


Message History

You closely miss Natasha.
Natasha is almost dead.
You block Natasha's attack.
You closely miss Natasha.
Natasha is almost dead.
Natasha claws you!
* * * LOW HITPOINT WARNING * * *
Natasha mumbles some strange words.
You hit Natasha but do no damage.
Natasha is almost dead.
Natasha stares at you and mumbles some strange words.
Your stasis prevents you from being slowed.
The iron imp hits you.
* * * LOW HITPOINT WARNING * * *
Okay, then.
You aren't carrying any items that you can evoke.
You hit Natasha but do no damage.
Natasha is almost dead.
Natasha claws you but does no damage. The iron imp hits you!
You die...

.#.... ..#.... ..#...
..... #####..#
#.#####......#
#............#
#...h@).....#
#...5..###..#####
#........# #..#...#
#........# #..#...#
#........# #..#...#
#........# #..#...#
#........# #).#...#####
#........# #..#.......##
#........###..#.........


You could see an iron imp and Natasha.

Vanquished Creatures
  A gnoll (D:1)
  A worm (D:2)
  2 dart slugs
  2 giant cockroaches
  6 goblins
  6 hobgoblins
  2 kobolds (D:1)
  A ball python (D:1)
  3 bats (D:1)
  3 frilled lizards (D:1)
  3 rats (D:1)
30 creatures vanquished.

Notes
Turn   | Place    | Note
-------+----------+-------------------------------------------
     0 | D:1      | Dietz the Formicid Fighter began the quest for the Orb.
     0 | D:1      | Reached XP level 1. HP: 18/18 MP: 1/1
    45 | D:1      | Reached XP level 2. HP: 13/24 MP: 2/2
   206 | D:1      | Reached skill level 4 in Shields
   233 | D:1      | Reached XP level 3. HP: 21/29 MP: 3/3
  1210 | D:2      | Noticed Natasha
  1233 | D:2      | Slain by an iron imp

Vault maps used:
D:1:      lightli_molten_gateway
D:2:      chequers_ecumenical_altar_simple, grunt_decor_arrowhead, uniq_natasha

Skill      XL: |  1  2 |
---------------+-------+-----
Shields        | 4 |  4.1
Fighting       | |  3.6
Maces & Flails | |  2.5
Armour         | |  3.9

Action                   || total
-------------------------++-------
Melee: Flail             ||   131
  Eat: Chunk             ||     1
Armor: Scale mail        ||    42
Dodge: Dodged            ||    36
Block: Shield            ||    59

Table legend:
 A = Spawn XP
 B = Non-spawn XP
 C = Spawn XP percentage of total XP
 D = Spawn monster count
 E = Non-spawn monster count
 F = Spawn count percentage of total count
 G = Total turns spent on level
                    A         B        C        D         E        F      G
               +---------+---------+-------+---------+---------+-------+---------
         Total |       0 |      68 |   0.0 |       0 |      30 |   0.0 |  1233
               +---------+---------+-------+---------+---------+-------+---------
           D:1 |       0 |      53 |   0.0 |       0 |      25 |   0.0 |  1082
           D:2 |       0 |      15 |   0.0 |       0 |       5 |   0.0 |   151
               +---------+---------+-------+---------+---------+-------+---------
